 Dungeon Crawl Stone Soup version 0.27-a0-828-g8289197e94 (webtiles) character file.

Game seed: 6896900970887073797

95 Mesmaeker13 the Grave Robber (level 4, -4/30 HPs)
             Began as a Mummy Necromancer on Mar 30, 2021.
             Slain by a centaur
             ... wielding a +0 whip
              (5 damage)
             ... on level 3 of the Dungeon.
             The game lasted 00:03:55 (2857 turns).

Mesmaeker13 the Grave Robber (Mummy Necromancer)    Turns: 2857, Time: 00:03:56

Health: -4/30      AC:  4    Str: 11    XL:     4   Next: 39%
Magic:  6/9        EV: 12    Int: 15    God:
Gold:   114        SH:  0    Dex: 12    Spells: 7/10 levels left

rFire    x . .     SeeInvis .   c - +2 short sword (venom)
rCold    + . .     Faith    .   (no shield)
rNeg     + + +     Spirit   .   a - +0 robe
rPois    ∞         Reflect  .   (no helmet)
rElec    .         Harm     .   (no cloak)
rCorr    .         Rampage  .   j - +0 pair of gloves
Will     .....                  m - +0 pair of boots
Stlth    ++........             (no amulet)
HPRegen  0.10/turn              (no ring)
MPRegen  0.11/turn              (no ring)

@: about to teleport
A: cold resistance 1, negative energy resistance 3, torment resistance 2,
unbreathing 1, heat vulnerability 1, no potions
a: no special abilities


You were on level 3 of the Dungeon.
You visited 1 branch of the dungeon, and saw 3 of its levels.

You collected 114 gold pieces.

Inventory:

Hand Weapons
 c - a +2 short sword of venom (weapon)
 h - a +4 dagger
 n - a +2 short sword of flaming
 o - a +2 short sword of draining
Armour
 a - a +0 robe (worn)
 j - a +0 pair of gloves (worn)
 m - a +0 pair of boots (worn)
Jewellery
 k - a ring of ice
Scrolls
 b - a scroll of magic mapping {unknown}
 d - a scroll of enchant armour {unknown}
 e - a scroll of identify {unknown}
 f - a scroll of torment {unknown}
 g - 2 scrolls of enchant weapon
 i - a scroll of blinking {unknown}
 l - a scroll of teleportation


   Skills:
 + Level 2.4 Dodging
 - Level 1.5 Stealth
 + Level 3.8 Spellcasting
 + Level 1.0 Summonings
 + Level 4.6 Necromancy


You had 7 spell levels left.
You knew the following spells:

 Your Spells              Type           Power      Damage    Failure   Level
a - Pain                  Necr           64%        1d7       2%          1
b - Call Imp              Summ           5%         N/A       19%         2

Your spell library contained the following spells:

 Spells                   Type           Power      Damage    Failure   Level
 Animate Skeleton         Necr           32%        N/A       2%          1
 Vampiric Draining        Necr           8%         2d7       9%          3
 Magic Dart               Conj           8%         1d3       19%         1
 Animate Dead             Necr           8%         N/A       26%         4
 Blink                    Tloc           N/A        N/A       28%         2
 Slow                     Hex            2%         N/A       28%         2
 Conjure Flame            Conj/Fire      2%         6-21      50%         3
 Mephitic Cloud           Conj/Pois/Air  2%         N/A       50%         3
 Agony                    Necr           16%        N/A       58%         5


Dungeon Overview and Level Annotations

Branches:
Dungeon (3/15)

Altars:
Makhleb
Nemelex Xobeh
Vehumet
Zin

Shops:
D:2 [

Annotations:
D:3 3 runed translucent doors, polve's ghost, amateur DsAK


Innate Abilities, Weirdness & Mutations

You are immune to poison.
Your flesh is cold resistant. (rC+)
You are immune to negative energy. (rN+++)
You are immune to unholy pain and torment.
You can survive without breathing.
You are vulnerable to heat. (rF-)
You do not drink.


Message History

An adder comes into view.
You can't drink.
Unknown command.
Casting: Pain (safe; 2% risk of failure)
Confirm with . or Enter, or press ? or * to list all spells.
Aiming: Pain (safe; 2% risk of failure)
Press: ? - help, Shift-Dir - straight line, f - adder
Aim: an adder (wandering, hasn't noticed you, chance to affect: 81%)
The adder hisses angrily.
The adder writhes in agony.
Casting: Pain (safe; 2% risk of failure)
Confirm with . or Enter, or press ? or * to list all spells.
Aiming: Pain (safe; 2% risk of failure)
Press: ? - help, Shift-Dir - straight line, f/p - adder
Aim: an adder (heavily wounded, chance to affect: 81%)
The adder writhes in agony.
You kill the adder!
The centaur shoots an arrow.
The arrow hits you.
The centaur shoots an arrow.
The arrow hits you!
* * * LOW HITPOINT WARNING * * *
Your Summonings skill increases to level 1!
You see here an adder corpse.
Casting: Pain (safe; 2% risk of failure)
Confirm with . or Enter, or press ? or * to list all spells.
Okay, then.
Unknown command.
As you read the scroll labelled NAIWNO FAG, it crumbles to dust.
You feel strangely unstable.
It was a scroll of teleportation.
The centaur unwields a +0 shortbow.
The centaur wields a +0 whip.
The centaur hits you with a +0 whip.
* * * LOW HITPOINT WARNING * * *
The centaur barely misses you.
Unknown command.
Casting: Pain (safe; 2% risk of failure)
Confirm with . or Enter, or press ? or * to list all spells.
Aiming: Pain (safe; 2% risk of failure)
Press: ? - help, Shift-Dir - straight line, f - centaur
Aim: a centaur, wielding a +0 whip and quivering arrows (chance to affect: 75%)
The centaur writhes in agony.
The centaur hits you with a +0 whip.
You die...

.. #. ########. #.
#.....##.# #.
.##.....##c## #.
............# #.###
#.....##..# ##.#..
#....c##.†#######.#...
#@#............#.#
#.#...########.#.#
#.#.#............###
#......###.##.....#
#......# #.......♣##
##...#.# ##......♣.#
##..#.# #.......♣#
##.#[# ##....._♣ #.#.#
#......♣


You could see a centaur.

Vanquished Creatures
  3 adders
  A dart slug (D:2)
  6 endoplasms
  3 giant cockroaches (D:2)
  9 goblins
  3 hobgoblins
  4 jackals (D:1)
  A quokka (D:1)
  4 ball pythons
  7 bats
  3 frilled lizards
  10 kobolds
  3 rats
57 creatures vanquished.

Vanquished Creatures (collateral kills)
  An ufetubus (D:3)
  A worm (D:2)
2 creatures vanquished.

Grand Total: 59 creatures vanquished

Notes
Turn   | Place    | Note
-------+----------+-------------------------------------------
     0 | D:1      | Mesmaeker13 the Mummy Necromancer began the quest for the
                  | Orb.
     0 | D:1      | Reached XP level 1. HP: 13/13 MP: 4/4
   527 | D:1      | Reached XP level 2. HP: 19/19 MP: 3/6
  1321 | D:2      | Learned a level 2 spell: Call Imp
  1479 | D:2      | Reached XP level 3. HP: 24/24 MP: 4/7
  1620 | D:2      | Found Ureorone's Armour Boutique.
  2045 | D:2      | Found a sparkling altar of Nemelex Xobeh.
  2170 | D:2      | Found a radiant altar of Vehumet.
  2219 | D:2      | Found a burning altar of Makhleb.
  2434 | D:3      | Reached XP level 4. HP: 30/30 MP: 4/9
  2528 | D:3      | Noticed polve's ghost (amateur DsAK)
  2528 | D:3      | Noticed a bullfrog
  2533 | D:3      | Found a runed translucent gate.
  2533 | D:3      | Found a runed translucent gate.
  2533 | D:3      | Found a runed translucent gate.
  2849 | D:3      | Noticed a centaur
  2855 | D:3      | Reached skill level 1 in Summonings
  2856 | D:3      | HP: 1/30 [centaur/+0 whip (4)]
  2857 | D:3      | Slain by a centaur

Illustrated notes

Levels and vault maps discovered:
D:1:      amcnicky_arrival_feature_with_door, layout_basic
D:2:      layout_rooms, grunt_temple_overflow_open,
          nicolae_overflow_crystal_walls, serial_shops, nicolae_shop_trees
D:3:      layout_loops_ring, zin_academy, gammafunk_ghost_split

Skill      XL: |  1  2  3  4 |
---------------+-------------+-----
Spellcasting   | 3 |  3.8
Dodging        | 2 |  2.4
Summonings     | 1 |  1.0
Stealth        | |  1.5
Necromancy     | |  4.6

Action                   |  1- 3 |  4- 6 || total
-------------------------+-------+-------++-------
Melee: Short sword       |    25 |       ||    25
 Cast: Pain              |    94 |    16 ||   110
       Call Imp          |     1 |     1 ||     2
  Use: Scroll            |     1 |     1 ||     2
Armor: Robe              |     8 |       ||     8
Dodge: Dodged            |    35 |     1 ||    36

Table legend: (Time is in decaauts)
 A = Elapsed time spent in this place.
 B = Non-inter-level travel time spent in this place.
 C = Inter-level travel time spent in this place.
 D = Time resting spent in this place.
 E = Time spent auto-exploring this place.
 F = Levels seen in this place.
 G = Mean time per level.
                   A        B        C        D        E       F      G
               +--------+--------+--------+--------+--------+-----+--------+
         Total |   2857 |   2851 |      6 |    491 |   2002 |   3 |  952.3 |
       Dungeon |   2857 |   2851 |      6 |    491 |   2002 |   3 |  952.3 |
               +--------+--------+--------+--------+--------+-----+--------+

Top non-repeatable levels by time:
     D:1: 1315 daAuts
     D:2: 970 daAuts
     D:3: 571 daAuts
